 Dungeon Crawl Stone Soup version 0.29.1-2-gbd0b4ee654 (webtiles) character file.

Game seed: 1337899303796878076

48 DildoBatman the Conjurer (level 4, 0/30 HPs)
             Began as a Formicid Conjurer on Nov 10, 2022.
             Slain by a ball python (3 damage)
             ... on level 4 of the Dungeon.
             The game lasted 00:03:12 (1395 turns).

DildoBatman the Conjurer (Formicid Conjurer)        Turns: 1395, Time: 00:03:12

Health: 0/30       AC:  3    Str: 12    XL:     4   Next: 0%
Magic:  5/7        EV: 12    Int: 17    God:
Gold:   183        SH:  0    Dex: 14    Spells: 4/7 levels left

rFire   . . .      SeeInvis +   a - +0 sling
rCold   . . .      Faith    .   (no shield)
rNeg    . . .      Spirit   .   m - +0 robe
rPois   .          Reflect  .   (helmet unavailable)
rElec   .          Harm     .   (no cloak)
rCorr   .          Rampage  .   l - +0 pair of gloves
Will    .....                   (no boots)
Stlth   ++........              (no amulet)
HPRegen 0.10/turn               i - ring of wizardry
MPRegen 0.10/turn               (no ring)

@: no status effects
A: permanent stasis, dig shafts and tunnels, antennae 3, four strong arms
a: Dig, Shaft Self


You were on level 4 of the Dungeon.
You visited 1 branch of the dungeon, and saw 3 of its levels.

You collected 183 gold pieces.

Inventory:

Hand Weapons
 a - a +0 sling (weapon)
 b - a +0 dagger
Missiles
 e - 9 stones
Armour
 l - a +0 pair of gloves (worn)
 m - a +0 robe (worn)
Jewellery
 i - a ring of wizardry (left hand)
Scrolls
 c - a scroll of vulnerability {unknown}
 d - 2 scrolls of teleportation {unknown}
 f - 2 scrolls of fear {unknown}
 j - a scroll of identify {unknown}
 o - a scroll of magic mapping {unknown}
Potions
 g - a potion of magic
 h - 2 potions of degeneration {unknown}
 k - a potion of mutation {unknown}
 n - 2 potions of might {unknown}


   Skills:
 - Level 1.7 Dodging
 - Level 2.4 Stealth
 - Level 2.1 Spellcasting
 * Level 4.8 Conjurations


You had 4 spell levels left.
You knew the following spells:

 Your Spells              Type           Power      Damage    Failure   Level
a - Searing Ray           Conj           36%        2d5       1%          2
c - Magic Dart            Conj           72%        1d6       1%          1

Your spell library contained the following spells:

 Spells                   Type           Power      Damage    Failure   Level
 Beastly Appendage        Tmut           2%         N/A       8%          1
 Dazzling Flash           Conj/Hex       20%        N/A       9%          3
 Wereblood                Tmut           1%         N/A       12%         2
 Spider Form              Tmut/Pois      1%         N/A       22%         3
 Fulminant Prism          Conj/Hex       5%         3d7       26%         4
 Iskenderun's Mystic Bla  Conj/Tloc      10%        2d4       26%         4


Dungeon Overview and Level Annotations

Branches:
Dungeon (2/15)

Altars:

Shops:
D:4 ?


Innate Abilities, Weirdness & Mutations

You cannot be hasted, slowed, berserked, paralysed or teleported.
You can dig through walls and to a lower floor.
You have a pair of large antennae on your head. (SInv)
Your four strong arms can wield two-handed weapons with a shield.


Message History

The endoplasm hits you but does no damage.
What are your orders? t - Shout!
Orders for allies: a - Attack new target. r - Retreat! s - Stop attacking. g - Guard the area. f - Follow me.
Anything else - Cancel.
You shout for attention!
You hear a shout!
An orc comes into view. It is wielding a +0 morningstar.
The ball python closely misses you. x2
The hobgoblin hits you. The endoplasm closely misses you.
The black bear misses you. The black bear claws you. x2
The endoplasm hits you. What are your orders? t - Shout!
Orders for allies: a - Attack new target. r - Retreat! s - Stop attacking. g - Guard the area. f - Follow me.
Anything else - Cancel.
You shout for attention!
The ball python bites you but does no damage.
The ball python barely misses you. The endoplasm barely misses you.
The hobgoblin misses you. The black bear bites you.
The black bear completely misses you. The black bear claws you.
The endoplasm misses you. What are your orders? t - Shout!
Orders for allies: a - Attack new target. r - Retreat! s - Stop attacking. g - Guard the area. f - Follow me.
Anything else - Cancel.
You shout for attention!
The ball python bites you.
You die...

.. #....#
..##...o#
###
........##..
...........
..........
.......o.
#..gh#
#.5S@#
......JJ#
........#
...⌠[⌠..#
....∩...+
...⌠.⌠..#
........#
..##....#


You could see a black bear, a white imp, 2 orcs, 2 endoplasms, a hobgoblin and a
ball python.

Vanquished Creatures
  2 worms (D:2)
  A dart slug (D:1)
  3 endoplasms
  3 giant cockroaches
  A goblin (D:1)
  4 jackals (D:2)
  3 kobolds (D:1)
  5 quokkas
  2 ball pythons (D:1)
  6 bats
  A frilled lizard (D:2)
  4 rats
35 creatures vanquished.

Notes
Turn   | Place    | Note
-------+----------+-------------------------------------------
     0 | D:1      | DildoBatman the Formicid Conjurer began the quest for the
                  | Orb.
     0 | D:1      | Reached XP level 1. HP: 13/13 MP: 3/3
   212 | D:1      | Reached XP level 2. HP: 19/19 MP: 3/5
   215 | D:1      | Learned a level 2 spell: Searing Ray
   280 | D:1      | Reached skill level 4 in Conjurations
   822 | D:1      | You fall into a shaft and drop 1 floor!
   846 | D:2      | Reached XP level 3. HP: 18/24 MP: 3/6
  1381 | D:2      | Reached XP level 4. HP: 23/30 MP: 3/7
  1383 | D:2      | You fall into a shaft and drop 2 floors!
  1383 | D:4      | Found Godoaxi's Magic Scroll Shoppe.
  1387 | D:4      | Noticed a black bear
  1395 | D:4      | Slain by a ball python

Illustrated notes

Levels and vault maps discovered:
D:1:      shiori_arrival_elements, layout_basic
D:2:      layout_loops_ring
D:4:      layout_gridville, minmay_temple_entry_purple_smoke, serial_shops,
          shop_fountains

Skill      XL: |  1  2 |
---------------+-------+-----
Conjurations   | 4 |  4.8
Dodging        | |  1.7
Stealth        | |  2.4
Spellcasting   | |  2.1

Action                   |  1- 3 |  4- 6 || total
-------------------------+-------+-------++-------
Melee: Dagger            |    38 |       ||    38
 Fire: Sling             |    14 |       ||    14
 Cast: Magic Dart        |    45 |       ||    45
       Searing Ray       |     3 |       ||     3
 Abil: Dig               |     1 |       ||     1
       Shaft Self        |       |     1 ||     1
Armor: Robe              |    19 |     6 ||    25
Dodge: Dodged            |    36 |    18 ||    54
